AoeStats
← aroz

Arabian Desert

509372844Analyzed
1v1 RM · 7d ago on Sep 26, 2026· 14m 55s· 2 players
Game mode
Random Map
Map size
Tiny (2 player)
Population
200
Speed
Normal
Resources
Standard
Victory
Conquest
Starting age
Dark Age
Ending age
Imperial Age
RankedLock teamsTeams togetherTeam positionsShared explorationLock speedFull tech treeHidden civsTurbo modeCheats
Victory
Defeat
🇫🇷 Saxons · France
1442
+14
🇪🇸 Italians · Spain
1402
-14
HarryMac_Roldi
6:35 Loom
8:43 Feudal Age
8:54 Man-at-Arms
aroz
6:20 Loom
9:31 Feudal Age
11:37 Double-Bit Axe
14:14 Fletching
14:25 Padded Archer Armor
Connection lost

Rejoining the realm…

Still unreachable

The connection could not be restored.

Session expired

The server has moved on; the page needs a fresh start.